 Dungeon Crawl Stone Soup version 0.31.0-32-g396128a36d (webtiles) character file.

Game seed: 649681425343281725

82 James the Shooter (level 4, -1/33 HPs)
             Began as a Formicid Hunter on Mar 14, 2024.
             Slain by an orc priest
             ... wielding a +0 whip
              (4 damage)
             ... on level 2 of the Dungeon.
             The game lasted 00:03:06 (1925 turns).

James the Shooter (Formicid Hunter)                 Turns: 1925, Time: 00:03:06

Health: -1/33      AC:  3    Str: 15    XL:     4   Next: 70%
Magic:  4/4        EV: 12    Int:  9    God:
Gold:   80         SH:  0    Dex: 19    Spells: 3/3 levels left

rFire   . . .        a - +0 shortbow
rCold   . . .        (no shield)
rNeg    . . .        c - +0 leather armour
rPois   +            (helmet unavailable)
rElec   .            (no cloak)
rCorr   .            (no gloves)
SInv    +            (no boots)
Will    .....        (no amulet)
Stlth   ++           r - ring of poison resistance
HPRegen 0.25/turn    (no ring)
MPRegen 0.09/turn

%: no passive effects
@: no status effects
A: permanent stasis, dig shafts and tunnels, antennae 3, four strong arms
a: Dig, Shaft Self


You were on level 2 of the Dungeon.
You visited 1 branch of the dungeon, and saw 3 of its levels.

You collected 80 gold pieces.

Inventory:

Hand Weapons
 a - a +0 shortbow (weapon)
 i - a +0 dagger
   (You took it off a goblin on level 1 of the Dungeon)
 k - a +0 short sword
   (You took it off a kobold on level 1 of the Dungeon)
 m - the +2 hand axe of the Other Side {protect, rElec rPois rC- Stlth+}
   (You found it on level 2 of the Dungeon)

   rC-:       It makes you vulnerable to cold.
   rElec:     It insulates you from electricity.
   rPois:     It protects you from poison Stlth+: It makes you more stealthy.
Armour
 c - a +0 leather armour (worn)
 f - a +0 robe
   (You found it on level 1 of the Dungeon)
 h - a +0 ring mail
   (You found it on level 1 of the Dungeon)
 l - a +0 chain mail
   (You found it on level 2 of the Dungeon)
 q - a +0 animal skin
   (You took it off Robin on level 3 of the Dungeon)
Jewellery
 r - a ring of poison resistance (left hand)
   (You found it on level 3 of the Dungeon)
Scrolls
 b - a scroll of butterflies
 d - a scroll of fog {unknown}
 e - 2 scrolls of identify {unknown}
 n - 3 scrolls of teleportation {unknown}
 o - a scroll of vulnerability {unknown}
Potions
 g - a potion of magic {unknown}
 j - a potion of attraction {unknown}
 p - a potion of curing {unknown}


   Skills:
 - Level 2.1 Fighting
 + Level 5.8 Ranged Weapons
 - Level 1.7 Dodging
 - Level 1.2 Stealth


You had 3 spell levels left.
You didn't know any spells.
Your spell library was empty.

Dungeon Overview and Level Annotations

Branches:
Dungeon (3/15)

Altars:
Hepliaklqana

Shops:
D:1 [


Innate Abilities, Weirdness & Mutations

You cannot be hasted, slowed, berserked, paralysed or teleported.
You can dig through walls and to a lower floor.
You have a pair of large antennae on your head. (SInv)
Your four strong arms can wield two-handed weapons with a shield.


Message History

The orc priest mumbles some strange prayers to Beogh against you.
Pain shoots through your body!
You shoot an arrow. The arrow barely misses the orc priest.
The orc priest barely misses you.
The orc priest hits you but does no damage.
You climb upwards.
There is a stone staircase leading down here.
You shoot an arrow.
The arrow closely misses the orc priest.
The orc priest hits you with a +0 whip.
You shoot an arrow.
The arrow closely misses the orc priest.
The orc priest hits you with a +0 whip.
You shoot an arrow. The arrow barely misses the orc priest.
The orc priest hits you with a +0 whip.
* * * LOW HITPOINT WARNING * * *
You are too injured to fight recklessly!
You are too injured to fight recklessly!
Unknown command.
Fire: a) +0 shortbow
Press: ? - help, Q - select action, (/) - cycle Shift-Dir - straight line, f/p - orc priest
Aim: an orc priest, wielding a +0 whip and wearing a +0 leather armour (moderately wounded, 64% to hit)
You shoot an arrow. The arrow hits the orc priest.
The orc priest closely misses you.
Fire: a) +0 shortbow
Press: ? - help, Q - select action, (/) - cycle Shift-Dir - straight line, f/p - orc priest
Aim: an orc priest, wielding a +0 whip and wearing a +0 leather armour (heavily wounded, 64% to hit)
You shoot an arrow. The arrow barely misses the orc priest.
The orc priest invokes the aid of Beogh against you.
Pain shoots through your body!
* * * LOW HITPOINT WARNING * * *
Fire: a) +0 shortbow
Press: ? - help, Q - select action, (/) - cycle Shift-Dir - straight line, f/p - orc priest
Aim: an orc priest, wielding a +0 whip and wearing a +0 leather armour (heavily wounded, 64% to hit)
You shoot an arrow. The arrow barely misses the orc priest.
The orc priest miscasts a cantrip.
Fire: a) +0 shortbow
Press: ? - help, Q - select action, (/) - cycle Shift-Dir - straight line, f/p - orc priest
Aim: an orc priest, wielding a +0 whip and wearing a +0 leather armour (heavily wounded, 64% to hit)
You shoot an arrow. The arrow barely misses the orc priest.
The orc priest hits you with a +0 whip.
* * * LOW HITPOINT WARNING * * *
The orc priest barely misses you.
Fire: a) +0 shortbow
Press: ? - help, Q - select action, (/) - cycle Shift-Dir - straight line, f/p - orc priest
Aim: an orc priest, wielding a +0 whip and wearing a +0 leather armour (heavily wounded, 64% to hit)
You shoot an arrow.
The arrow closely misses the orc priest.
The orc priest hits you with a +0 whip.
You die...

......##.# #...#..........#..##..
.........# #............#>#..##..
#.....##.###..............)......
#.............##................#
#.....##.##............รท..#..##..
#.............#...###..####..##..
..................###..## #..##..
........................###.##...
................@............#...
................o................
........................#.#.##.#.
..##.#..####..####..........##.##
..##.#..# #..#....###.........#.
..##....# #..............####.#.
..####..# #..#....###.##.####.#.
#.####..####..#.............##.#.
.......<......####.###......##...


You could see an orc priest.

Vanquished Creatures
  Robin (D:3)
  2 adders
  A dart slug (D:2)
  3 orcs (D:3)
  3 ball pythons
  An endoplasm (D:1)
  2 giant cockroaches
  9 goblins
  8 hobgoblins
  2 kobolds (D:1)
  A quokka (D:1)
  6 bats
  4 frilled lizards
  A rat (D:2)
44 creatures vanquished.

Notes
Turn   | Place    | Note
-------+----------+-------------------------------------------
     0 | D:1      | James the Formicid Hunter began the quest for the Orb.
     0 | D:1      | Reached XP level 1. HP: 16/16 MP: 1/1
   247 | D:1      | Reached XP level 2. HP: 22/22 MP: 2/2
   479 | D:1      | Found Cere's Armour Emporium.
   902 | D:2      | Found a hazy altar of Hepliaklqana.
  1024 | D:2      | Reached XP level 3. HP: 27/27 MP: 3/3
  1045 | D:2      | Reached skill level 5 in Ranged Weapons
  1078 | D:2      | Identified the +2 hand axe of the Other Side {protect,
                  | rElec rPois rC- Stlth+}
  1805 | D:3      | Reached XP level 4. HP: 33/33 MP: 4/4
  1809 | D:3      | Noticed Robin
  1814 | D:3      | Killed Robin
  1925 | D:2      | Slain by an orc priest

Illustrated notes

Levels and vault maps discovered:
D:1:      nzn_arrival_depleted_hourglass, layout_loops_corners, serial_shops,
          shop
D:2:      layout_basic, basic_altar
D:3:      layout_loops_ring, amethyst_overflow_temple_binary,
          shapermc_ecumenical_altar_pompeii, moated_statue,
          corexii_item_surrounded_by_moat, uniq_robin

Skill      XL: |  1  2  3 |
---------------+----------+-----
Ranged Weapons | 5 |  5.8
Fighting       | |  2.1
Dodging        | |  1.7
Stealth        | |  1.2

Action                     |  1- 3 |  4- 6 || total
---------------------------+-------+-------++-------
   Fire: Shortbow          |    98 |    37 ||   135
 Armour: Leather armour    |    29 |     7 ||    36
  Dodge: Dodged            |    37 |     5 ||    42
